 Dungeon Crawl Stone Soup version 0.27-a0-506-g2188dfaaa0 (webtiles) character file.

Game seed: 16885226716710924729

28 Morbidden the Skirmisher (level 3, 29/29 HPs)
             Began as a Demonspawn Fighter on Mar 3, 2021.
             Quit the game on level 1 of the Dungeon.
             The game lasted 00:00:31 (1014 turns).

Morbidden the Skirmisher (Demonspawn Fighter)       Turns: 1014, Time: 00:00:31

Health: 29/29      AC:  6    Str: 16    XL:     3   Next: 0%
Magic:  3/3        EV:  6    Int: 10    God:
Gold:   61         SH:  8    Dex: 12    Spells: 2/2 levels left

rFire    . . .     SeeInvis .   a - +0 long sword
rCold    . . .     Faith    .   c - +0 kite shield
rNeg     . . .     Spirit   .   b - +0 scale mail
rPois    .         Reflect  .   (no helmet)
rElec    .         Harm     .   (no cloak)
rCorr    .         Rampage  .   (no gloves)
Will     .....                  (no boots)
Stlth    ..........             (no amulet)
HPRegen  0.09/turn              (no ring)
MPRegen  0.08/turn              (no ring)

@: no status effects
A: powered by death 1
a: no special abilities


You were on level 1 of the Dungeon.
You visited 1 branch of the dungeon, and saw 1 of its levels.

You collected 61 gold pieces.

Inventory:

Hand Weapons
 a - a +0 long sword (weapon)
Armour
 b - a +0 scale mail (worn)
 c - a +0 kite shield (worn)
Scrolls
 e - a scroll of amnesia {unknown}
 i - a scroll of magic mapping {unknown}
 l - a scroll of fear {unknown}
 m - 2 scrolls of identify {unknown}
Potions
 d - a potion of might
 f - a potion of invisibility {unknown}
 g - 2 potions of haste {unknown}
 h - a potion of mutation {unknown}
 j - a potion of heal wounds {unknown}
 k - a potion of curing {unknown}


   Skills:
 + Level 3.3 Fighting
 + Level 2.1 Long Blades
 + Level 3.1 Armour
 + Level 2.9 Shields


You had 2 spell levels left.
You didn't know any spells.
Your spell library was empty.

Dungeon Overview and Level Annotations

Branches:
Dungeon (1/15)

Altars:


Innate Abilities, Weirdness & Mutations

You regenerate a little health from kills.


Message History

You kill the hobgoblin!
The hobgoblin closely misses you.
A hobgoblin is nearby!
You barely miss the hobgoblin. You block the hobgoblin's attack.
The hobgoblin hits you but does no damage.
A hobgoblin is nearby!
You hit the hobgoblin.
The hobgoblin is severely wounded.
The hobgoblin completely misses you.
You barely miss the hobgoblin.
The hobgoblin is severely wounded.
The hobgoblin hits you with a +0 club. x2
A hobgoblin is nearby!
You closely miss the hobgoblin.
The hobgoblin is severely wounded.
You block the hobgoblin's attack.
A hobgoblin is nearby!
You slash the hobgoblin!
You kill the hobgoblin!
You have reached level 3!
Your experience leads to an increase in your attributes!
Increase (S)trength, (I)ntelligence, or (D)exterity?
You feel clever.
You see here a +0 club.
Things that are here:
a +0 club; a hobgoblin corpse
m - 2 scrolls labelled OGHUESH FYODE (gained 1)
Found a ring mail.
No target in view!
Done exploring.
No target in view!
Done exploring.
No target in view!
Done exploring.
No target in view!
Done exploring.
No target in view!
Done exploring.
No target in view!
Are you sure you want to abandon this character and quit the game? (Confirm with "yes".)

..#.# #.#.# ###########
#.#.# #.........# #.#.#
#.........# #+#.#
#.......[.# ....#
#.........# ....#
#.........#
....##########.........#
........>.......@......#
#'#.##.#...............#
#.#.##.#..........######
#.#.##.#....).....#
#.#....#.###).....#
..#.)..#.# ########
..#....#.#
#.#....#.#######
#.#.##.........#


There were no monsters in sight!

Vanquished Creatures
  2 giant cockroaches (D:1)
  5 goblins (D:1)
  4 hobgoblins (D:1)
  6 jackals (D:1)
  2 bats (D:1)
  2 kobolds (D:1)
  2 rats (D:1)
23 creatures vanquished.

Notes
Turn   | Place    | Note
-------+----------+-------------------------------------------
     0 | D:1      | Morbidden the Demonspawn Fighter began the quest for the
                  | Orb.
     0 | D:1      | Reached XP level 1. HP: 18/18 MP: 1/1
   247 | D:1      | Gained mutation: You regenerate a little health from kills.
                  | [demonic ancestry]
   247 | D:1      | Reached XP level 2. HP: 22/24 MP: 2/2
   917 | D:1      | Reached XP level 3. HP: 21/29 MP: 3/3
  1014 | D:1      | Quit the game

Illustrated notes

Levels and vault maps discovered:
D:1:      scummos_arrival_star, layout_basic

Skill      XL: |  1  2 |
---------------+-------+-----
Long Blades    | 2 |  2.1
Armour         | 3 |  3.1
Fighting       | |  3.3
Shields        | |  2.9

Action                   || total
-------------------------++-------
Melee: Long sword        ||    55
Armor: Scale mail        ||    28
Dodge: Dodged            ||    25
Block: Kite shield       ||    34
       Rpst.: Long sword ||     8

Table legend: (Time is in decaauts)
 A = Elapsed time spent in this place.
 B = Non-inter-level travel time spent in this place.
 C = Inter-level travel time spent in this place.
 D = Time resting spent in this place.
 E = Time spent auto-exploring this place.
 F = Levels seen in this place.
 G = Mean time per level.
                   A        B        C        D        E       F      G
               +--------+--------+--------+--------+--------+-----+--------+
         Total |   1043 |   1043 |      0 |      0 |    907 |   1 | 1043.0 |
       Dungeon |   1043 |   1043 |      0 |      0 |    907 |   1 | 1043.0 |
               +--------+--------+--------+--------+--------+-----+--------+

Top non-repeatable levels by time:
     D:1: 1043 daAuts
